Map: Prion Terraces

Players

Chris (MCanning) - Winner!

  • Race: Protoss Protoss
  • League: Diamond

Jardozer

  • Race: Zerg Zerg

VOD

Have the link to the VOD?

Description

Time

  • Played on: Nov. 12, 2015, 11:10 p.m.
  • Length: 6:02
Show
View Real Time Build Order
Export as new Build Order

Chris Protoss - Winner!

Build Orders: Nexus First, Oracle Opening 

Get SALT Encoding   

  12  0:02  Probe (Chrono Boost)  
  13  0:12  Probe (Chrono Boost)  
  14  0:19  Pylon  
  14  0:23  Probe (Chrono Boost)  
  15  0:37  Probe (Chrono Boost)  
  16  0:47  Probe (Chrono Boost)  
  17  1:00  Nexus  
  17  1:11  Gateway  
  17  1:14  Probe (Chrono Boost)  
  18  1:24  Probe (Chrono Boost), Assimilator  
  19  1:29  Assimilator  
  19  1:35  Probe (Chrono Boost)  
  20  1:41  Pylon  
  20  1:45  Probe (Chrono Boost)  
  21  1:56  Probe (Chrono Boost)  
  22  2:02  Cybernetics Core  
  22  2:06  Probe (Chrono Boost)  
  23  2:14  Probe (Chrono Boost)  
  24  2:17  Probe (Chrono Boost)  
  25  2:24  Probe (Chrono Boost)  
  25  2:28  Probe (Chrono Boost)  
  28  2:38  Probe (Chrono Boost), Pylon  
  28  2:39  Mothership Core (Chrono Boost)  
  28  2:42  Stalker  
  32  2:45  Warp Gate  
  32  2:49  Probe (Chrono Boost)  
  33  2:57  Probe (Chrono Boost)  
  34  2:59  Probe (Chrono Boost)  
  34  3:03  Stargate  
  35  3:08  Probe (Chrono Boost)  
  35  3:10  Probe (Chrono Boost)  
  37  3:13  Gateway  
  37  3:20  Probe (Chrono Boost)  
  37  3:24  Gateway  
  37  3:26  Probe (Chrono Boost)  
  39  3:30  Pylon  
  39  3:32  Probe (Chrono Boost)  
  40  3:35  Sentry  
  40  3:37  Probe (Chrono Boost)  
  43  3:41  Probe (Chrono Boost), Pylon  
  43  3:47  Oracle (Chrono Boost)  
  47  3:54  Probe, Gateway x2  
  47  3:55  Probe  
  49  4:03  Pylon  
  49  4:05  Probe  
  49  4:06  Probe  
  51  4:16  Probe  
  51  4:19  Forge, Phoenix (Chrono Boost)  
  51  4:23  Probe  
  55  4:27  Robotics Facility, Assimilator  
  55  4:32  Probe  
  55  4:34  Assimilator  
  55  4:38  Probe  
  57  4:42  Probe  
  58  4:52  Pylon  
  58  4:53  Pylon  
  58  4:54  Pylon x2  
  58  4:59  Pylon, Oracle (Chrono Boost)  
  56  5:02  Pylon  
  56  5:04  Pylon  
  59  5:15  Probe  
  59  5:16  Probe  
  62  5:25  Sentry  
  62  5:28  Gateway, Pylon  
  63  5:35  Pylon  
  63  5:40  Gateway  
  65  5:43  Sentry x2, Gateway  
  65  5:48  Zealot x2  
  65  5:49  Probe  
Show
View Real Time Build Order
Export as new Build Order

Jardozer Zerg 

Build Orders: 3 Hatch before Pool 

Get SALT Encoding   

  12  0:01  Drone  
  13  0:14  Overlord  
  13  0:19  Drone  
  14  0:26  Extractor  
  14  0:28  Drone, Extractor  
  13  0:29  Drone  
  16  0:37  Drone  
  17  0:58  Drone  
  17  1:02  Hatchery  
  17  1:06  Drone  
  18  1:12  Drone  
  19  1:26  Hatchery  
  19  1:31  Drone  
  19  1:38  Spawning Pool  
  18  1:41  Extractor  
  18  1:42  Drone  
  18  1:50  Drone  
  18  1:53  Drone  
  20  2:25  Zergling x10  
  20  2:26  Queen  
  27  2:35  Extractor, Queen  
  29  2:37  Overlord  
  29  2:44  Metabolic Boost  
  29  2:50  Drone x3  
  32  2:51  Drone  
  32  2:58  Drone x2  
  35  2:59  Drone  
  36  3:06  Overlord  
  34  3:25  Baneling Nest, Zergling x12  
  39  3:29  Zergling x2  
  39  3:33  Zergling x4  
  42  3:36  Overlord  
  42  3:38  Zergling x4  
  44  3:43  Zergling x4  
  46  3:49  Zergling x2  
  46  3:52  Zergling x2  
  46  3:53  Zergling x4  
  46  3:55  Zergling x2  
  51  4:00  Zergling x2  
  52  4:10  Baneling x5  
  52  4:11  Baneling x2  
  52  4:16  Drone x3  
  52  4:17  Drone x3  
  58  4:26  Overlord  
  58  4:27  Overlord  
  56  4:36  Queen  
  56  4:37  Queen  
  57  4:38  Spore Crawler  
  57  4:40  Spore Crawler  
  47  4:46  Zergling x2  
  47  4:47  Zergling x10  
  47  4:48  Zergling x2  
  49  4:58  Zergling x8  
  49  4:59  Zergling x2  
  51  5:02  Zergling x2  
  48  5:07  Zergling x4  
  48  5:11  Zergling x2  
  48  5:12  Zergling x2  
  46  5:23  Zergling x6  
  46  5:26  Zergling x4  
  49  5:32  Zergling x2  
  48  5:36  Zergling x4  
  48  5:40  Zergling x2  
Tags
 
Add a new tag
Caveats
  • Supply blocks, unpowered buildings, or Contaminate may cause inaccurate times.
  • Supply counts are checked every 10 seconds.